cohdb
Replays
Latest Replays
All Replays
Popular Replays
Top Player Replays
Match Explorer
How It Works
Community
CoH3 Stats
Reddit
Sign in to upload your games and track your stats! →
Sign in with Steam
Match 33636683
Unlisted
Match 33636683
Overview
Messages
Build Orders
End
Pioneer Squad
Construct Infanterie Kompanie
Grenadier Squad
MG 42 Machine Gun Team
Grenadier Squad
Grenadier Squad
Infanterie Officer Quarters
Construct Panzergrenadier Kompanie
Pak 40 Anti-tank Gun Team
Construct Panzer Kompanie
Medical Bunker
Stoßtruppen Squad
Selects Luftwaffe Battlegroup
Selects Luftwaffe Pioneer Support
Selects LG40 Recoilless Gun Paradrop
Selects Infantry Reserves
Sturmpanzer IV Brummbär
Support Elements
Nebelwerfer 42 Rocket Launcher Team
Panzergrenadier Officer Quarters
Jesulin
Task Force X
Cpt Darling
jwalker987
0
0
Comments
sign in to comment!
No comments posted yet!